 Dungeon Crawl Stone Soup version 0.27-a0-1359-ga2a4dfd6fd (webtiles) character file.

Game seed: 14956960724438729995

14 Lanoc the Skirmisher (level 2, -5/28 HPs)
             Began as a Naga Fighter on June 28, 2021.
             Was a Follower of Fedhas.
             Slain by a goblin (6 damage)
             ... led by Robin
             ... on level 1 of the Dungeon.
             The game lasted 00:00:53 (600 turns).

Lanoc the Skirmisher (Naga Fighter)                  Turns: 600, Time: 00:00:53

Health: -5/28      AC:  4    Str: 18    XL:     2   Next: 41%
Magic:  2/2        EV:  5    Int:  8    God:    Fedhas [*.....]
Gold:   47         SH:  8    Dex: 10    Spells: 1/1 levels left

rFire    . . .     SeeInvis +   a - +0 long sword
rCold    . . .     Faith    .   c - +0 kite shield
rNeg     . . .     Spirit   .   b - +0 scale mail
rPois    +         Reflect  .   (no helmet)
rElec    .         Harm     .   (no cloak)
rCorr    .         Rampage  .   (no gloves)
Will     .....                  (no barding)
Stlth    ..........             (no amulet)
HPRegen  0.09/turn              (no ring)
MPRegen  0.08/turn              (no ring)

@: short of breath, very slow
A: AC +0, large, see invisible, deformed body, poison resistance, slowness 2,
spit poison 1, naga tail 1
a: Spit Poison, Renounce Religion


You were on level 1 of the Dungeon.
You worshipped Fedhas.
Fedhas was aware of your devotion.
You visited 1 branch of the dungeon, and saw 2 of its levels.

You collected 47 gold pieces.

Inventory:

Hand Weapons
 a - a +0 long sword (weapon)
Armour
 b - a +0 scale mail (worn)
 c - a +0 kite shield (worn)
Scrolls
 e - a scroll of immolation {unknown}
 g - a scroll of magic mapping {unknown}
 h - a scroll of brand weapon {unknown}
Potions
 d - a potion of might
 f - 2 potions of ambrosia {unknown}


   Skills:
 + Level 3.1 Fighting
 * Level 2.3 Long Blades
 + Level 2.5 Armour
 + Level 0.3 Dodging
 + Level 2.5 Shields


You had one spell level left.
You didn't know any spells.
Your spell library was empty.

Dungeon Overview and Level Annotations

Branches:
Dungeon (2/15)

Altars:
Fedhas

Annotations:
D:2 Robin


Innate Abilities, Weirdness & Mutations

Your serpentine skin is tough. (AC +0)
You have supernaturally acute eyesight. (SInv)
Armour fits poorly on your strangely shaped body.
Your system is resistant to poisons. (rPois)
You cover ground very slowly.
You can spit poison.
You have a snake-like lower body.


Message History

You slash the goblin!
You kill the goblin!
Fedhas appreciates your contribution to the ecosystem.
Robin throws the goblin at you! You block the hobgoblin's attack.
The goblin hits you but does no damage. The hobgoblin hits you.
The goblin hits you but does no damage.
You closely miss the goblin. The goblin barely misses you.
You riposte.
You closely miss the goblin.
Robin roars a battlecry!
The goblins go into a battle-frenzy!
The goblin hits you with a +0 dagger.
The hobgoblin hits you but does no damage.
You block the goblin's attack.
You barely miss the goblin. You block the hobgoblin's attack.
The goblin hits you but does no damage. The goblin hits you with a +0 dagger.
A goblin comes into view. It is wielding a +0 club.
The goblin barely misses you. The hobgoblin hits you.
The goblin hits you with a +0 dagger. The goblin barely misses you.
The goblin hits you with a +0 dagger.
* * * LOW HITPOINT WARNING * * *
A goblin comes into view. It is wielding a +0 club.
Robin throws the goblin at you!
* * * LOW HITPOINT WARNING * * *
There is a stone staircase leading up here.
The goblin hits you but does no damage. x2
Robin says, "Kneel, worm!"
Robin roars a battlecry!
The goblin goes into a battle-frenzy!
You climb upwards.
There is a stone staircase leading down here.
Press: ? - help, Shift-Dir - straight line, f - goblin
Aim: a goblin, wielding a +0 dagger (strong)
The splash of poison hits the goblin!
The goblin is poisoned.
You kill the goblin!
Fedhas appreciates your contribution to the ecosystem.
The goblin hits you with a +0 dagger.
* * * LOW HITPOINT WARNING * * *
The goblin hits you with a +0 club.
You die...
Fedhas appreciates your contribution to the ecosystem.

#####################
##..g#...............#
##...)@...........###'#
#....g........##..#8...
#............####.##.#.
#.............##..#8.#.
##................##.#.
#....#....########8...
##.#.####.#8#8#8#8#...
#.#.# ##.#...........
#.#.###..'.#####...<.


You could see 2 goblins.

Vanquished Creatures
  4 bats (D:1)
  A giant cockroach (D:1)
  4 goblins
  A hobgoblin (D:1)
  2 ball pythons
  A kobold (D:1)
  2 rats (D:1)
15 creatures vanquished.

Notes
Turn   | Place    | Note
-------+----------+-------------------------------------------
     0 | D:1      | Lanoc the Naga Fighter began the quest for the Orb.
     0 | D:1      | Reached XP level 1. HP: 21/21 MP: 1/1
   164 | D:1      | Reached XP level 2. HP: 20/28 MP: 2/2
   295 | D:1      | Found a faded altar of an unknown god.
   310 | D:1      | Became a worshipper of Fedhas Madash
   310 | D:1      | Reached * piety under Fedhas
   592 | D:2      | Noticed Robin
   600 | D:1      | HP: 1/28 [goblin[Robin] (5)]
   600 | D:1      | Slain by a goblin

Illustrated notes

Levels and vault maps discovered:
D:1:      heliophobic_arrival_ceremonial_halls, layout_rooms,
          basic_ecumenical_altar, hangedman_decor_clover_reticule
D:2:      layout_basic, uniq_robin

Action                   || total
-------------------------++-------
Melee: Long sword        ||    27
 Abil: Spit Poison       ||     8
Armor: Scale mail        ||    18
Dodge: Dodged            ||    10
Block: Kite shield       ||    13
       Rpst.: Long sword ||     4

Table legend: (Time is in decaauts)
 A = Elapsed time spent in this place.
 B = Non-inter-level travel time spent in this place.
 C = Inter-level travel time spent in this place.
 D = Time resting spent in this place.
 E = Time spent auto-exploring this place.
 F = Levels seen in this place.
 G = Mean time per level.
                   A        B        C        D        E       F      G
               +--------+--------+--------+--------+--------+-----+--------+
         Total |    790 |    762 |     28 |      0 |    674 |   2 |  395.0 |
       Dungeon |    790 |    762 |     28 |      0 |    674 |   2 |  395.0 |
               +--------+--------+--------+--------+--------+-----+--------+

Top non-repeatable levels by time:
     D:1: 771 daAuts
     D:2: 18 daAuts
